 Dungeon Crawl Stone Soup version 0.27.1-3-gb3d3a73c9e (webtiles) character file.

Game seed: 5697638987754494779

6584 BinkBink the Cleaver (level 11, 0/95 HPs)
             Began as a Hill Orc Fighter on Oct 31, 2021.
             Was a Believer of the Shining One.
             Slain by an orc warrior (7 damage)
             ... on level 8 of the Dungeon.
             The game lasted 00:28:30 (10001 turns).

BinkBink the Cleaver (Hill Orc Fighter)            Turns: 10001, Time: 00:28:31

Health: 0/95       AC: 21    Str: 20    XL:     11   Next: 1%
Magic:  11/11      EV:  5    Int:  8    God:    the Shining One [**....]
Gold:   444        SH: 11    Dex: 13    Spells: 10/10 levels left

rFire    . . .     SeeInvis .   a - +0 war axe
rCold    . . .     Faith    .   c - +0 kite shield
rNeg     + . .     Spirit   .   i - +0 plate armour
rPois    .         Reflect  .   x - +1 hat
rElec    .         Harm     .   d - +2 cloak
rCorr    .         Rampage  .   (no gloves)
Will     .....                  g - +2 pair of boots
Stlth    ..........             (no amulet)
HPRegen  0.25/turn              (no ring)
MPRegen  0.12/turn              (no ring)

@: about to teleport, glowing
A: no striking features
a: Renounce Religion, Divine Shield


You were on level 8 of the Dungeon.
You worshipped the Shining One.
The Shining One was pleased with you.
You visited 1 branch of the dungeon, and saw 9 of its levels.

You collected 500 gold pieces.
You spent 56 gold pieces at shops.

Inventory:

Hand Weapons
 a - a +0 war axe (weapon)
Armour
 c - a +0 kite shield (worn)
 d - a +2 cloak (worn)
 g - a +2 pair of boots (worn)
 i - a +0 plate armour (worn)
 m - a +2 scale mail of poison resistance
 x - a +1 hat (worn)
Jewellery
 l - a ring of fire
 p - a +6 ring of dexterity
 y - a ring of flight
Wands
 o - a wand of iceblast (2)
 t - a wand of paralysis (10)
Scrolls
 b - a scroll of noise
 e - 2 scrolls of magic mapping
 f - 2 scrolls of torment
 h - a scroll of teleportation
 j - a scroll of amnesia
 k - a scroll of silence
 n - a scroll of summoning
 u - a scroll of holy word
 w - a scroll of fog
Potions
 q - a potion of lignification
 r - 2 potions of cancellation {unknown}
 v - 2 potions of flight {unknown}
 z - a potion of ambrosia {unknown}


   Skills:
 + Level 8.9 Fighting
 + Level 13.7 Axes
 + Level 8.6 Armour
 + Level 1.2 Stealth
 + Level 8.5 Shields


You had 10 spell levels left.
You didn't know any spells.
Your spell library contained the following spells:

 Spells                   Type           Power      Damage    Failure   Level
 Sandblast                Erth           0%         2d4       100%        1
 Passwall                 Tmut/Erth      0%         N/A       100%        2
 Slow                     Hex            0%         N/A       100%        2
 Confusing Touch          Hex            0%         N/A       100%        3
 Stone Arrow              Conj/Erth      0%         3d7       100%        3
 Vampiric Draining        Necr           0%         2d6       100%        3
 Necromutation            Tmut/Necr      0%         N/A       100%        8


Dungeon Overview and Level Annotations

Branches:
Dungeon (9/15)             Temple (0/1) D:4             Orc (0/2) D:9
   Lair: D:8-11

Altars:
Hepliaklqana
Nemelex Xobeh
Ru
Xom
The Shining One
Beogh

Shops:
D:5 ?

Annotations:
D:4 2 runed translucent doors, Descartes's ghost, amateur DEFi
D:7 3 runed translucent doors, Eitelfritz's ghost, novice MfGl


Message History

You block the quasit's attack. The neqoxec gestures at you.
Something tries to feed on your intellect!
The shadow imp lashes its tail.
The kobold demonologist hits you but does no damage.
You are poisoned.
You feel very sick.
You feel sick.
You feel sick.
The kobold demonologist hits you but does no damage.
You are more poisoned.
You feel very sick.
The shadow imp laughs crazily.
You feel very sick.
The kobold demonologist looks satisfied for a moment. x2
You feel sick.
You feel sick.
You feel sick.
The kobold demonologist mumbles some strange words.
An orc comes into view. It is wielding a +0 dagger.
You feel sick.
The orc shouts!
The kobold demonologist is no longer moving quickly.
You feel sick.
There is a stone staircase leading up, spattered with blood here.
You feel sick.
The orc warrior hits you but does no damage.
The hellwing swoops through the air toward you!
The hellwing hits you but does no damage.
The hellwing barely misses you. You block the quasit's attack.
The quasit claws you but does no damage. x2
You climb upwards.
You feel sick.
There is a stone staircase leading down, spattered with blood here.
You feel better.
The orc warrior hits you with a +0 dire flail!
* * * LOW HITPOINT WARNING * * *
As you read the scroll of teleportation, it crumbles to dust.
You feel strangely unstable.
The orc warrior hits you with a +0 dire flail!
You die...

### #<# #.# #.# #.# # #.#
######.####################
'..............(@o...(....#
######..#####.##.########.#
# #..# #.##.# #.# # #..#
#.##.# #.# # #..# #.##.#
#.# #### #..#
#.##.########.# ...# #..#
#.##..........# ##.# #..#
#.############# #.# #.<#
#.# #......#


You could see an orc warrior.

Vanquished Creatures
  A manticore (D:7)
  Sigmund (D:3)
  11 yaks
  3 wyverns
  A shadow (D:8)
  Eustachio (D:4)
  A steam dragon (D:9)
  Grum (D:9)
  Edmund (D:6)
  An acid dragon (D:9)
  An ice beast (D:6)
  3 orc warriors (D:9)
  A black bear (D:7)
  A necrophage (D:7)
  4 wolves (D:8)
  An ogre (D:5)
  3 centaurs
  2 phantoms
  3 kobold brigands
  2 bullfrogs (D:7)
  A gnoll sergeant (D:9)
  3 scorpions
  10 killer bees (D:8)
  3 howler monkeys (D:9)
  A bullfrog zombie (D:5)
  3 centaur zombies
  2 hounds
  A jelly (D:5)
  2 gnoll shamans
  3 orc priests (D:9)
  Crazy Yiuf (D:3)
  Ijyb (D:3)
  2 iguanas (D:5)
  6 orc wizards
  A killer bee zombie (D:7)
  2 howler monkey zombies
  11 gnolls
  6 adders
  An adder skeleton (D:4)
  35 orcs
  4 bats
  6 endoplasms
  10 goblins
  10 hobgoblins
  4 jackals
  16 kobolds
  5 ball pythons
  2 frilled lizards
  6 rats
201 creatures vanquished.

Notes
Turn   | Place    | Note
-------+----------+-------------------------------------------
     0 | D:1      | BinkBink the Hill Orc Fighter began the quest for the Orb.
     0 | D:1      | Reached XP level 1. HP: 19/19 MP: 1/1
   242 | D:1      | Reached XP level 2. HP: 27/27 MP: 2/2
   455 | D:1      | Found a faded altar of an unknown god.
   742 | D:1      | Reached XP level 3. HP: 33/33 MP: 3/3
   803 | D:2      | Reached skill level 3 in Axes
  1037 | D:2      | Reached XP level 4. HP: 40/40 MP: 4/4
  1467 | D:3      | Noticed Sigmund
  1762 | D:3      | Noticed Ijyb
  1788 | D:3      | Killed Ijyb
  1907 | D:3      | Reached XP level 5. HP: 42/46 MP: 5/5
  2107 | D:3      | Reached skill level 4 in Axes
  2355 | D:3      | Killed Sigmund
  2356 | D:3      | Reached skill level 5 in Axes
  2356 | D:3      | Reached skill level 5 in Armour
  2356 | D:3      | Reached XP level 6. HP: 24/53 MP: 6/6
  2692 | D:3      | Found a runed translucent door.
  2693 | D:3      | Noticed Crazy Yiuf
  2701 | D:3      | Killed Crazy Yiuf
  2800 | D:4      | Found a hazy altar of Hepliaklqana.
  2805 | D:4      | Found a sacrificial altar of Ru.
  2878 | D:4      | Found a glowing golden altar of the Shining One.
  2888 | D:4      | Became a worshipper of the Shining One
  3149 | D:4      | Found a runed translucent door.
  3153 | D:4      | Noticed Descartes's ghost (amateur DEFi)
  3297 | D:4      | Found a staircase to the Ecumenical Temple.
  3305 | D:4      | Noticed Eustachio
  3375 | D:4      | Killed Eustachio
  3376 | D:4      | Reached skill level 6 in Axes
  3376 | D:4      | Reached skill level 5 in Shields
  3376 | D:4      | Reached XP level 7. HP: 17/60 MP: 7/7
  3608 | D:4      | Found a runed translucent door.
  3694 | D:4      | Found a sparkling altar of Nemelex Xobeh.
  3712 | D:4      | Found a shimmering altar of Xom.
  3894 | D:5      | Entered Level 5 of the Dungeon
  3995 | D:5      | Found Esustrou's Magic Scroll Boutique.
  4003 | D:5      | Bought a scroll of identify for 28 gold pieces
  4003 | D:5      | Bought a scroll of identify for 28 gold pieces
  4067 | D:5      | Reached skill level 7 in Axes
  4081 | D:5      | Reached skill level 5 in Fighting
  4464 | D:5      | Reached XP level 8. HP: 61/68 MP: 8/8
  4681 | D:5      | Reached skill level 8 in Axes
  4979 | D:6      | Reached * piety under the Shining One
  5285 | D:6      | Reached skill level 9 in Axes
  5327 | D:6      | Noticed Edmund
  5352 | D:6      | Killed Edmund
  6010 | D:7      | Noticed a manticore
  6170 | D:7      | Reached XP level 9. HP: 75/75 MP: 9/9
  6201 | D:7      | Reached skill level 10 in Axes
  6369 | D:7      | Found a runed translucent gate.
  6369 | D:7      | Found a runed translucent gate.
  6371 | D:7      | Found a runed translucent gate.
  6382 | D:7      | Noticed Eitelfritz's ghost (novice MfGl)
  6536 | D:7      | Killed a manticore
  6798 | D:7      | Reached skill level 11 in Axes
  7118 | D:8      | Reached ** piety under the Shining One
  7154 | D:8      | Reached skill level 1 in Stealth
  7167 | D:8      | Reached skill level 12 in Axes
  7167 | D:8      | Reached XP level 10. HP: 26/88 MP: 10/10
  9085 | D:9      | Noticed Grum
  9158 | D:9      | Killed Grum
  9264 | D:9      | Got the Grimoire of Earth and Evil Magic
  9425 | D:9      | Reached skill level 13 in Axes
  9912 | D:9      | Found a roughly hewn altar of Beogh.
  9912 | D:9      | Found a staircase to the Orcish Mines.
  9915 | D:9      | Noticed a kobold demonologist
  9930 | D:9      | Reached XP level 11. HP: 56/95 MP: 11/11
 10001 | D:8      | Slain by an orc warrior

Illustrated notes

Levels and vault maps discovered:
D:1:      wander_arrival_peaceful_grave, layout_basic,
          chequers_ecumenical_altar_simple_redux, minmay_pentomino_x2
D:2:      layout_rooms, hangedman_abyss_or_decor_lesser_grid, minmay_box_of_dots
D:3:      layout_loops_ring, chequers_serial_rivers_small_a,
          minmay_goblin_outpost, uniq_crazy_yiuf_cottage, uniq_sigmund,
          uniq_ijyb
D:4:      layout_basic, mainiacjoe_overflow_small_starburst,
          mainiacjoe_overflow_catch_the_wave, grunt_temple_overflow_open,
          minmay_temple_entry_arrows, ebering_ghost_sewer_f, uniq_eustachio
D:5:      layout_cave_pools, serial_shops, nicolae_shop_trees
D:6:      wad_pebble_path, layout_loops_ring, uniq_edmund
D:7:      layout_rooms, gammafunk_ghost_necromancy, st_stairs_5, hex_large,
          hangedman_decor_diamond_cutter
D:8:      layout_basic
D:9:      layout_irregular_city, david_orc_5, serial_glass, glass_columns_a,
          glass_columns_b, uniq_grum

Skill      XL: |  1  2  3  4  5  6  7  8  9 10 |
---------------+-------------------------------+-----
Fighting       | 4 5 6 7 8 |  8.9
Axes           | 3 5 6 7 9 12 13 | 13.7
Shields        | 4 5 6 7 8 |  8.5
Armour         | 4 5 6 7 8 |  8.6
Stealth        | 1 |  1.2

Action                   |  1- 3 |  4- 6 |  7- 9 | 10-12 || total
-------------------------+-------+-------+-------+-------++-------
Melee: War axe           |   100 |   223 |   265 |   247 ||   835
  Use: Potion            |       |     1 |     4 |     4 ||     9
       Scroll            |       |       |     8 |     5 ||    13
Armor: Scale mail        |    66 |     1 |    68 |    99 ||   234
       Chain mail        |       |   156 |    91 |       ||   247
       Skin              |       |     6 |       |       ||     6
       Plate armour      |       |       |       |    51 ||    51
Dodge: Dodged            |    45 |    64 |    55 |    80 ||   244
Block: Kite shield       |    65 |   142 |   132 |   178 ||   517
